Map: Ruins of Endion

Players

ruo

  • Race: Zerg Zerg
  • League: Master

Miszu - Winner!

  • Race: Terran Terran
  • League: Master

VOD

Have the link to the VOD?

Description

Time

  • Played on: May 9, 2016, 5:39 p.m.
  • Length: 17:29
Show
View Real Time Build Order
Export as new Build Order

ruo Zerg 

Build Orders: Hatch First 

Get SALT Encoding   

  12  0:01  Drone  
  13  0:12  Overlord  
  13  0:18  Drone  
  14  0:31  Drone x2  
  14  0:35  Drone  
  17  0:51  Hatchery  
  17  0:54  Drone  
  17  0:58  Drone  
  18  1:09  Extractor  
  17  1:12  Spawning Pool  
  17  1:15  Drone  
  17  1:18  Drone  
  18  1:30  Drone  
  19  1:39  Overlord  
  19  1:59  Queen  
  19  2:00  Zergling x4  
  23  2:03  Queen  
  23  2:05  Zergling x2  
  26  2:11  Drone  
  26  2:14  Metabolic Boost  
  26  2:15  Drone  
  28  2:23  Overlord  
  28  2:25  Drone  
  29  2:34  Drone  
  29  2:36  Drone  
  31  2:37  Queen  
  31  2:43  Queen  
  35  2:48  Drone x2  
  37  2:53  Overlord  
  37  2:58  Drone  
  38  3:04  Drone  
  39  3:12  Drone  
  40  3:13  Drone x3  
  40  3:14  Drone  
  40  3:16  Drone  
  40  3:17  Drone  
  46  3:22  Drone x2  
  48  3:32  Drone  
  48  3:34  Drone  
  50  3:35  Queen  
  52  3:42  Drone, Hatchery  
  52  3:43  Overlord  
  52  3:49  Extractor x2  
  52  3:50  Queen  
  52  3:55  Overlord  
  52  3:57  Overlord  
  52  4:02  Drone x2  
  54  4:03  Drone  
  54  4:07  Zergling x4  
  54  4:08  Zergling x2  
  58  4:14  Lair  
  58  4:15  Extractor  
  57  4:17  Drone  
  57  4:18  Drone  
  57  4:19  Drone  
  57  4:21  Drone  
  57  4:23  Zergling x2  
  62  4:25  Drone x2  
  62  4:28  Drone  
  62  4:30  Drone  
  66  4:35  Zergling x2  
  67  4:44  Drone  
  67  4:45  Roach Warren  
  67  4:47  Drone  
  68  4:53  Spore Crawler, Evolution Chamber  
  68  4:54  Drone, Evolution Chamber  
  68  4:55  Spore Crawler  
  68  4:56  Drone  
  68  4:59  Drone x2  
  68  5:04  Drone  
  68  5:05  Drone  
  70  5:08  Drone  
  70  5:10  Drone  
  70  5:13  Overseer  
  72  5:14  Drone  
  72  5:15  Spore Crawler, Drone  
  72  5:16  Drone  
  74  5:21  Zerg Missile Weapons Level 1  
  74  5:24  Zerg Ground Armor Level 1  
  74  5:30  Overlord x2  
  74  5:37  Overlord  
  74  5:48  Queen  
  75  5:52  Roach x5  
  77  6:08  Roach  
  77  6:09  Roach x2  
  68  6:26  Drone  
  68  6:31  Drone  
  70  6:39  Drone x2  
  70  6:42  Drone  
  70  6:47  Drone x3  
  70  6:49  Drone  
  70  6:50  Glial Reconstitution  
  70  6:51  Drone  
  70  6:52  Drone  
  76  6:56  Drone x2  
  76  7:01  Drone  
  79  7:02  Drone  
  79  7:05  Drone  
  79  7:07  Drone x3  
  84  7:09  Drone  
  84  7:10  Drone  
  86  7:15  Drone  
  86  7:18  Drone  
  86  7:21  Ravager x3, Drone  
  86  7:22  Ravager, Drone x2  
  93  7:24  Drone  
  93  7:27  Zerg Ground Armor Level 2, Zerg Missile Weapons Level 2  
  94  7:33  Extractor, Drone x2  
  94  7:34  Drone  
  94  7:35  Extractor  
  94  7:36  Overlord, Drone  
  96  7:38  Overlord  
  96  7:39  Overseer  
  96  7:44  Overlord  
  96  7:45  Overlord  
  96  7:46  Overlord  
  96  7:54  Overlord  
  96  7:55  Overlord x3  
  96  8:03  Infestation Pit  
  96  8:04  Roach  
  96  8:05  Roach x4  
  105  8:11  Infestation Pit  
  105  8:12  Hydralisk Den  
  104  8:13  Overlord  
  104  8:15  Queen  
  104  8:16  Spore Crawler  
  104  8:19  Spore Crawler  
  104  8:21  Spore Crawler  
  104  8:24  Drone x2  
  105  8:29  Drone  
  105  8:30  Drone  
  105  8:32  Ravager x3, Spore Crawler  
  109  8:43  Muscular Augments  
  109  8:46  Roach x4  
  109  8:47  Roach x5  
  127  8:59  Roach x7  
  137  9:29  Hydralisk x7  
  137  9:30  Hydralisk x4  
  153  9:34  Spore Crawler  
  153  9:37  Hydralisk  
  153  9:38  Hydralisk  
  152  9:45  Hydralisk  
  151  9:53  Lair  
  151  9:55  Lair  
  141  10:09  Hatchery  
  119  10:31  Roach x4  
  119  10:32  Roach x2  
  107  10:45  Drone x2  
  111  10:50  Roach x3  
  111  10:53  Hydralisk Den  
  111  10:54  Ravager  
  111  10:55  Overlord, Ravager x4  
  119  11:01  Roach  
  106  11:14  Ravager x2  
  106  11:15  Ravager x2  
  90  11:33  Hydralisk x8  
  106  11:43  Hive  
  106  11:53  Roach x2  
  110  12:04  Hydralisk x2  
  110  12:05  Hydralisk, Hatchery  
  110  12:07  Hydralisk  
  117  12:18  Hydralisk  
  117  12:21  Hydralisk  
  121  12:27  Drone  
  107  12:53  Hydralisk  
  107  12:54  Hydralisk x4  
  107  12:57  Queen x2  
  106  13:06  Overseer  
  106  13:10  Hydralisk x3  
  110  13:33  Hydralisk x4  
  118  13:39  Roach x4  
  126  13:43  Viper  
  126  13:48  Viper  
  132  13:58  Viper x2  
  138  14:06  Burrow  
  138  14:10  Viper  
  141  14:30  Zerg Missile Weapons Level 3  
  141  14:35  Hatchery  
  138  14:54  Hatchery  
  134  15:10  Roach x6  
  146  15:21  Drone x3  
  138  15:44  Overlord  
  118  15:50  Roach x7  
  118  15:51  Hydralisk  
  118  15:52  Hydralisk  
  132  16:00  Extractor  
  132  16:02  Queen  
  132  16:03  Hydralisk x3  
  137  16:04  Extractor  
  137  16:10  Ravager  
  136  16:12  Evolution Chamber x2  
  136  16:15  Viper  
  136  16:32  Hydralisk  
  136  16:33  Hydralisk x3  
Show
View Real Time Build Order
Export as new Build Order

Miszu Terran - Winner!

Build Orders: Reaper Expand, Hellion Banshee 

Get SALT Encoding   

  12  0:01  SCV  
  13  0:13  SCV  
  14  0:17  Supply Depot  
  14  0:25  SCV  
  15  0:39  SCV  
  16  0:43  Barracks  
  16  0:46  Refinery  
  16  0:51  SCV  
  17  1:03  SCV  
  18  1:15  SCV  
  19  1:29  Orbital Command  
  19  1:30  Reaper  
  20  1:42  Command Center  
  20  1:53  Supply Depot  
  20  1:55  SCV  
  21  2:02  Marine  
  21  2:06  Factory  
  22  2:09  SCV  
  22  2:14  Refinery  
  23  2:21  SCV  
  24  2:24  Barracks Reactor  
  24  2:38  SCV  
  25  2:50  SCV  
  26  2:55  Starport  
  26  2:56  Orbital Command  
  26  3:02  SCV  
  27  3:08  Hellion x2, Barracks Tech Lab  
  31  3:14  SCV  
  31  3:22  SCV  
  31  3:26  SCV  
  33  3:30  Hellion x2  
  33  3:31  Supply Depot  
  38  3:34  SCV  
  38  3:37  Barracks Reactor  
  38  3:38  SCV  
  38  3:39  Banshee  
  42  3:46  SCV  
  43  3:50  SCV  
  43  3:54  Hellion x2  
  43  3:55  Supply Depot  
  48  3:58  SCV  
  48  4:02  SCV  
  50  4:10  SCV  
  50  4:14  SCV  
  50  4:16  Hellion  
  50  4:17  Supply Depot, Hellion  
  56  4:22  SCV  
  57  4:24  Liberator x2  
  57  4:38  Armory  
  57  4:41  Supply Depot  
  57  4:44  Refinery, Command Center  
  63  4:47  Refinery, SCV  
  63  4:50  SCV  
  65  4:57  Hellion x2  
  69  5:00  SCV  
  69  5:04  Supply Depot  
  70  5:11  SCV  
  71  5:19  Hellion x2  
  75  5:22  Liberator, SCV  
  75  5:26  Supply Depot  
  76  5:32  SCV  
  76  5:34  SCV  
  78  5:36  Liberator  
  78  5:38  Starport, Terran Ship Weapons Level 1  
  78  5:39  Starport  
  66  6:19  Liberator x2  
  66  6:21  SCV x2  
  66  6:24  Starport Tech Lab, Banshee  
  70  6:26  Orbital Command  
  63  6:33  SCV x2  
  63  6:39  Hellion x2  
  75  6:45  SCV x2  
  77  6:48  Supply Depot  
  77  6:49  Banshee  
  80  6:56  Orbital Command  
  80  6:57  SCV x2  
  80  7:00  Hellion x2  
  83  7:06  Refinery, Liberator  
  83  7:08  Refinery  
  83  7:09  SCV x2  
  83  7:10  Starport x2  
  83  7:13  Banshee  
  88  7:21  Engineering Bay, SCV  
  88  7:22  Hellion x2  
  93  7:28  SCV x2  
  98  7:33  SCV  
  99  7:37  Banshee  
  99  7:40  SCV  
  99  7:41  SCV  
  104  7:45  Supply Depot x2, SCV  
  104  7:46  Supply Depot  
  104  7:47  Supply Depot  
  104  7:48  Hellion x2  
  109  7:52  SCV  
  109  7:53  SCV, Missile Turret x2  
  109  7:55  Missile Turret  
  109  7:56  Starport Tech Lab x2  
  109  7:57  SCV  
  112  7:59  Liberator, Banshee  
  112  8:05  SCV x2  
  117  8:10  SCV, Missile Turret  
  118  8:15  Banshee x2  
  118  8:16  Fusion Core  
  118  8:17  SCV  
  128  8:26  Liberator x2, Banshee  
  131  8:29  Hellion x2  
  135  8:38  Command Center  
  141  8:57  Liberator  
  141  8:58  Hellion x2, Banshee  
  148  9:09  Hyperflight Rotors  
  147  9:19  Hellion  
  149  9:29  Liberator  
  149  9:43  Banshee  
  149  9:46  Banshee  
  149  9:47  Liberator  
  138  9:53  Banshee  
  122  10:04  Banshee  
  122  10:09  Liberator  
  122  10:13  SCV x2  
  113  10:25  SCV  
  113  10:26  SCV  
  114  10:29  Banshee  
  116  10:37  SCV  
  116  10:38  SCV  
  118  10:44  SCV  
  118  10:49  SCV  
  120  10:50  Command Center, SCV  
  120  10:53  Banshee x2  
  120  10:55  Hellion  
  120  10:56  Hellion, SCV  
  132  10:59  Advanced Ballistics  
  132  11:01  SCV  
  133  11:09  Banshee  
  133  11:20  Hellion, SCV  
  133  11:28  SCV x2  
  133  11:29  Hellion  
  133  11:30  Liberator x2  
  125  11:37  Banshee x3  
  131  11:40  SCV  
  131  11:42  SCV  
  131  11:44  Orbital Command  
  131  11:45  Command Center  
  131  11:47  Supply Depot  
  133  11:48  Hellion  
  133  11:49  Supply Depot  
  141  11:56  Factory  
  141  11:59  Terran Ship Weapons Level 2  
  141  12:02  Hellion  
  141  12:08  Liberator x2  
  143  12:09  Hellion  
  143  12:11  Banshee  
  143  12:13  Liberator  
  148  12:20  Banshee  
  151  12:23  Hellion  
  151  12:25  Liberator  
  165  12:51  Liberator  
  130  12:57  Banshee  
  130  13:03  Banshee  
  133  13:08  Hellion  
  133  13:09  Hellion  
  140  13:20  Factory Tech Lab, Banshee  
  140  13:25  Refinery  
  143  13:30  Hellion x2  
  143  13:31  Liberator  
  147  13:37  Refinery  
  147  13:40  Banshee  
  150  13:45  Banshee  
  150  13:47  Cloaking Field  
  153  13:50  Banshee  
  153  13:51  Hellion  
  165  14:02  Hellion  
  165  14:03  Hellion, Infernal Pre-Igniter  
  165  14:09  Planetary Fortress  
  165  14:10  SCV x3  
  165  14:13  Hellion  
  170  14:22  SCV x3  
  170  14:23  Refinery  
  173  14:25  Hellion x2  
  173  14:26  Refinery  
  177  14:34  SCV, Terran Ship Weapons Level 3  
  177  14:35  SCV x2  
  180  14:40  Armory  
  180  14:46  SCV  
  180  14:47  SCV  
  185  15:23  Hellion  
  195  15:28  Hellion  
  195  15:29  Hellion, Planetary Fortress  
  200  15:37  Viking  
  200  15:38  Viking x5  
  188  15:44  Hellion  
  166  15:50  Hellion  
  168  15:57  Hellion  
  168  16:06  Hellion  
  168  16:07  Viking  
  168  16:08  Viking x2  
  176  16:11  Hellion  
  180  16:18  Hellion  
  180  16:27  Hellion  
  181  16:33  Hellion  
  181  16:39  Viking  
  183  16:40  Viking x5  
  185  17:11  Command Center  
Tags
 
Add a new tag
Caveats
  • Supply blocks, unpowered buildings, or Contaminate may cause inaccurate times.
  • Supply counts are checked every 10 seconds.